 Dungeon Crawl Stone Soup version 0.31.0-12-g77e489cdc1 (webtiles) character file.

Game seed: 5436654970996573499

123 Gadfly the Insei (level 4, -3/35 HPs)
             Began as a Demonspawn Monk on Feb 13, 2024.
             Constricted to death by Ijyb (5 damage)
             ... on level 3 of the Dungeon.
             The game lasted 00:03:27 (2380 turns).

Gadfly the Insei (Demonspawn Monk)                  Turns: 2380, Time: 00:03:28

Health: -3/35      AC:  4    Str: 14    XL:     4   Next: 80%
Magic:  4/4        EV: 10    Int: 10    God:
Gold:   160        SH:  4    Dex: 15    Spells: 3/3 levels left

rFire   + . .        b - +3 short sword (speed)
rCold   . . .        c - orb {light}
rNeg    . . .        j - +1 robe {rF+}
rPois   .            i - +0 hat
rElec   .            (no cloak)
rCorr   .            h - +0 pair of gloves
SInv    .            (no boots)
Will    .....        (no amulet)
Stlth   +            f - ring of willpower
HPRegen 0.25/turn    (no ring)
MPRegen 0.09/turn

%: no passive effects
@: weak-willed, grasped by roots, glowing, constricted
A: foul stench 2, condensation shield
a: no special abilities


You were on level 3 of the Dungeon.
You visited 1 branch of the dungeon, and saw 3 of its levels.

You collected 241 gold pieces.
You spent 81 gold pieces at shops.

Inventory:

Hand Weapons
 b - a +3 short sword of speed (weapon)
Armour
 c - an orb of light (worn)
 h - a +0 pair of gloves (worn)
 i - a +0 hat (worn)
 j - a +1 robe of fire resistance (worn)
Jewellery
 f - a ring of willpower (left hand)
Scrolls
 d - 3 scrolls of identify


   Skills:
 - Level 3.0 Fighting
 + Level 3.1 Dodging
 * Level 3.5 Unarmed Combat
 * Level 2.2 Evocations
 * Level 1.8 Shapeshifting


You had 3 spell levels left.
You didn't know any spells.
Your spell library contained the following spells:

 Spells                   Type           Power      Damage    Failure   Level
 Ensorcelled Hibernation  Hex/Ice        0%         N/A       50%         2
 Fugue of the Fallen      Necr           0%         N/A       75%         3
 Anguish                  Hex/Necr       0%         N/A       98%         4


Dungeon Overview and Level Annotations

Branches:
Dungeon (3/15)

Altars:
Ashenzari
Dithmenos
Nemelex Xobeh

Shops:
D:3 [

Annotations:
D:3 Ijyb


Innate Abilities, Weirdness & Mutations

You sometimes emit foul miasma when damaged in melee.
A meltable shield of frost defends you. (SH +4)


Message History

The grasping roots grab you!
Ijyb is unaffected.
The grasping roots constrict you.
You are too injured to fight recklessly!
You are too injured to fight recklessly!
You are too injured to fight recklessly!
You are too injured to fight recklessly!
You are too injured to fight recklessly!
You are too injured to fight recklessly!
You are too injured to fight recklessly!
Unknown command.
You are too injured to fight recklessly!
Unknown command.
You are too injured to fight recklessly!
You are too injured to fight recklessly!
You barely miss Ijyb.
Ijyb is heavily wounded.
Ijyb hits you with a +0 dagger. The grasping roots constrict you.
* * * LOW HITPOINT WARNING * * *
You hit Ijyb.
Ijyb is heavily wounded.
Unknown command.
It was a potion of magic.
Magic courses through your body. Ijyb completely misses you.
The grasping roots constrict you.
* * * LOW HITPOINT WARNING * * *
The grasping roots release their grip on you.
As you read the scroll labelled BAEQ DUBBAHIHE, it crumbles to dust.
A wave of despondency washes over your surroundings.
It was a scroll of vulnerability.
Ijyb zaps a wand.
The roots erupt in riotous growth!
The grasping roots grab you!
Ijyb is unaffected.
The grasping roots constrict you.
* * * LOW HITPOINT WARNING * * *
You aren't carrying any items that you can evoke.
As you read the scroll of summoning, it crumbles to dust.
Wisps of shadow whirl around you...
Ijyb zaps a wand.
The roots erupt in riotous growth!
Ijyb is unaffected.
Roots grab your giant cockroach.
The grasping roots constrict your giant cockroach.
The grasping roots constrict you.
You die...

###### #.....
###################.....
....$gg@Bg........†.....
###################.....
# #..... ## #..>.. P##
#..... .P# #..... ####
###### ...### #########
.#...# #.......#


You could see Ijyb (weak-willed, ally target), a friendly giant cockroach
(summoned, rooted), a friendly hobgoblin (summoned) and a friendly goblin
(summoned).

Vanquished Creatures
  4 gnolls
  2 adders
  2 dart slugs (D:1)
  4 orcs (D:3)
  4 bats
  5 endoplasms
  4 giant cockroaches
  8 goblins
  5 hobgoblins
  2 quokkas (D:1)
  6 ball pythons
  8 frilled lizards
  4 kobolds
  A rat (D:1)
59 creatures vanquished.

Notes
Turn   | Place    | Note
-------+----------+-------------------------------------------
     0 | D:1      | Gadfly the Demonspawn Monk began the quest for the Orb.
     0 | D:1      | Reached XP level 1. HP: 18/18 MP: 1/1
   105 | D:1      | Gained mutation: A meltable shield of frost defends you.
                  | (SH +4) [demonic ancestry]
   105 | D:1      | Reached XP level 2. HP: 17/24 MP: 2/2
   253 | D:1      | Reached skill level 1 in Evocations
   543 | D:1      | Reached skill level 1 in Shapeshifting
   697 | D:2      | Gained mutation: You may rarely emit foul miasma when
                  | damaged in melee. [demonic ancestry]
   697 | D:2      | Reached XP level 3. HP: 27/29 MP: 3/3
  1212 | D:2      | Found a shadowy altar of Dithmenos.
  1423 | D:1      | Gained mutation: You sometimes emit foul miasma when
                  | damaged in melee. [demonic ancestry]
  1423 | D:1      | Reached XP level 4. HP: 26/35 MP: 4/4
  1485 | D:2      | HP: 1/35 [gnoll/+0 spear (9)]
  1826 | D:3      | Found a broken altar of Ashenzari.
  1853 | D:3      | Found a sparkling altar of Nemelex Xobeh.
  1952 | D:3      | Found Kucoddu's Antique Armour Boutique.
  1995 | D:3      | Bought a glowing robe for 81 gold pieces
  2361 | D:3      | Noticed Ijyb
  2379 | D:3      | HP: 1/35 [constriction (4)]
  2380 | D:3      | Constricted to death by Ijyb

Illustrated notes

Levels and vault maps discovered:
D:1:      amcnicky_arrival_feature_with_door, layout_basic, minivault_14,
          nicolae_concentric_dashed_squares_mild,
          chequers_serial_rivers_micro_b, minivault_19
D:2:      layout_loops_ring, basic_altar
D:3:      cheibrodos_helix_gallery, layout_basic, amcnicky_altar_gilded,
          nicolae_ashenzari_skybound, serial_shops, shop,
          shapermc_ecumenical_altar_hornbeckon, uniq_ijyb

Skill      XL: |  1  2  3  4 |
---------------+-------------+-----
Evocations     | 1 2 |  2.2
Unarmed Combat | 3 |  3.5
Shapeshifting  | 1 |  1.8
Dodging        | 3 |  3.1
Fighting       | |  3.0

Action                     |  1- 3 |  4- 6 || total
---------------------------+-------+-------++-------
  Melee: Unarmed           |    36 |       ||    36
         Short sword       |    70 |    58 ||   128
    Use: Scroll            |     2 |     4 ||     6
         Potion            |       |     2 ||     2
   Stab: Sleeping          |     1 |       ||     1
 Armour: Robe              |    45 |    26 ||    71
  Dodge: Dodged            |    54 |    37 ||    91
